 Dungeon Crawl Stone Soup version 0.31.0-32-g396128a36d (webtiles) character file.

Game seed: 2289737152825430659

728 Peloso the Slasher (level 7, -2/61 HPs)
             Began as a Minotaur Fighter on Mar 17, 2024.
             Was an Initiate of Okawaru.
             Slain by a gnoll
             ... wielding a +1 flail of venom
              (4 damage)
             ... on level 6 of the Dungeon.
             The game lasted 00:07:26 (3235 turns).

Peloso the Slasher (Minotaur Fighter)               Turns: 3235, Time: 00:07:26

Health: -2/61      AC: 13    Str: 21    XL:     7   Next: 44%
Magic:  6/6        EV:  2    Int:  5    God:    Okawaru [......]
Gold:   189        SH:  0    Dex: 11    Spells: 6/6 levels left

rFire   . . .        a - +0 long sword
rCold   . . .        d - +0 buckler
rNeg    . . .        i - +0 chain mail
rPois   +            (helmet restricted)
rElec   .            c - +1 cloak
rCorr   .            (no gloves)
SInv    .            m - +0 pair of boots
Will    .....        (no amulet) Stlth
                     h - ring of poison resistance
HPRegen 0.30/turn    (no ring)
MPRegen 0.10/turn

%: no passive effects
@: mighty, lethally poisoned (-2 -> -17), sleeping
A: horns 2, retaliatory headbutt
a: Renounce Religion


You were on level 6 of the Dungeon.
You worshipped Okawaru.
Okawaru was noncommittal.
You visited 2 branches of the dungeon, and saw 7 of its levels.

You collected 189 gold pieces.

Inventory:

Hand Weapons
 a - a +0 long sword (weapon)
Armour
 b - a +2 scale mail of cold resistance
 c - a +1 cloak (worn)
 d - a +0 buckler (worn)
 i - a +0 chain mail (worn)
 m - a +0 pair of boots (worn)
Jewellery
 h - a ring of poison resistance (left hand)
Wands
 l - a wand of mindburst (15)
Scrolls
 f - 2 scrolls of identify
 j - a scroll of blinking
 k - a scroll of poison
Potions
 g - a potion of enlightenment
 n - a potion of curing
 o - a potion of degeneration {unknown}


   Skills:
 + Level 5.5 Fighting
 + Level 6.0 Long Blades
 + Level 5.9 Armour
 + Level 2.2 Dodging
 + Level 0.4 Stealth
 + Level 5.6 Shields


You had 6 spell levels left.
You didn't know any spells.
Your spell library contained the following spells:

 Spells                   Type           Power      Damage    Failure   Level
 Sting                    Conj/Alch      0%         1d3       99%         1
 Mercury Vapours          Alch/Air       0%         N/A       99%         2
 Dimensional Bullseye     Hex/Tloc       0%         N/A       100%        4
 Iskenderun's Mystic Bla  Conj/Tloc      0%         2d3       100%        4
 Olgreb's Toxic Radiance  Alch           0%         N/A       100%        4
 Tukima's Dance           Hex            Unusable   N/A       N/A         3

Dungeon Overview and Level Annotations

Branches:
Dungeon (6/15)             Temple (1/1) D:4

Altars:
Ashenzari
Cheibriados
Dithmenos
Elyvilon
Fedhas
Hepliaklqana
Kikubaaqudgha
Nemelex Xobeh
Okawaru
Qazlal
Ru
Sif Muna
Trog
Uskayaw
Vehumet
Wu Jian
Xom
Yredelemnul
Zin
The Shining One

Portals:
Abyss: D:3

Annotations:
D:3 2 transporters, dertzug's ghost, amateur AtFi


Innate Abilities, Weirdness & Mutations

You have a pair of horns on your head.
You reflexively headbutt those who attack you in melee.


Message History

You furiously retaliate!
You headbutt the adder!
You kill the adder!
Okawaru accepts your kill.
A gnoll comes into view. It is wielding a +0 club.
Your Long Blades skill increases to level 6!
The gnoll hits you with a +1 flail of venom.
* * * LOW HITPOINT WARNING * * *
You hit the gnoll but do no damage. You block the gnoll's attack.
A sleepcap comes into view.
Unknown command.
You feel very mighty all of a sudden. The gnoll barely misses you.
You feel better.
Unknown command.
You slash the gnoll!
The gnoll is almost dead.
The gnoll hits you with a +1 flail of venom.
The sleepcap closely misses you. The gnoll hits you with a +0 whip.
A gnoll bouda comes into view. It is wielding a +0 club.
You slash the gnoll!
You kill the gnoll!
Okawaru accepts your kill.
The gnoll hits you with a +1 flail of venom.
* * * LOW HITPOINT WARNING * * *
You are poisoned.
The sleepcap barely misses you. You furiously retaliate!
You headbutt the sleepcap! You slash the gnoll!
You kill the gnoll!
Okawaru accepts your kill.
You feel very sick.
The gnoll hits you with a +1 flail of venom!
* * * LOW HITPOINT WARNING * * *
You are more poisoned.
The sleepcap releases spores at you.
* * * LOW HITPOINT WARNING * * *
You are engulfed in a cloud of soporific spores!
You fall asleep.
The gnoll hits you with a +1 flail of venom.
You die...

#############
............#
#######........#
#gg.†........<#
#@#####.##........
#f# #.....g..###
#g# ####.#......
... ......g...
...## #####.###.#
###.# #.# .# #.#
#.# .# ..# ..#


You could see a sleepcap, a gnoll bouda and 2 gnolls.

Vanquished Creatures
  Edmund (D:4)
  A black bear (D:3)
  3 scorpions
  A bombardier beetle (D:4)
  A hound (D:5)
  A sleepcap (D:5)
  An iguana (D:5)
  Robin (D:4)
  6 gnolls
  5 adders
  A ribbon worm (D:4)
  3 dart slugs (D:1)
  4 orcs (D:4)
  8 ball pythons
  3 bats
  7 endoplasms
  6 giant cockroaches
  15 goblins
  11 hobgoblins
  18 jackals
  7 quokkas
  5 frilled lizards
  6 kobolds
  3 rats
118 creatures vanquished.

Notes
Turn   | Place    | Note
-------+----------+-------------------------------------------
     0 | D:1      | Peloso the Minotaur Fighter began the quest for the Orb.
     0 | D:1      | Reached XP level 1. HP: 19/19 MP: 0/0
   108 | D:1      | Reached XP level 2. HP: 26/27 MP: 1/1
   336 | D:1      | Reached XP level 3. HP: 33/33 MP: 2/2
   587 | D:1      | Reached skill level 3 in Long Blades
   705 | D:2      | You fall into a shaft and drop 1 floor!
   783 | D:3      | Found a transporter.
   869 | D:3      | Found a one-way gate to the infinite horrors of the Abyss.
   869 | D:3      | Noticed dertzug's ghost (amateur AtFi)
  1026 | D:3      | Reached skill level 1 in Dodging
  1026 | D:3      | Reached XP level 4. HP: 36/40 MP: 3/3
  1308 | D:3      | Found a transporter.
  1852 | D:2      | Found a faded altar of an unknown god.
  2042 | D:4      | Noticed Edmund
  2054 | D:4      | Killed Edmund
  2055 | D:4      | Reached skill level 4 in Long Blades
  2055 | D:4      | Reached skill level 5 in Armour
  2055 | D:4      | Reached XP level 5. HP: 22/47 MP: 4/4
  2174 | D:4      | Reached XP level 6. HP: 53/53 MP: 5/5
  2209 | D:4      | Noticed Robin
  2241 | D:3      | Reached skill level 5 in Long Blades
  2243 | D:3      | Reached skill level 5 in Fighting
  2310 | D:4      | Found a sparkling altar of Nemelex Xobeh.
  2420 | D:4      | Killed Robin
  2605 | D:4      | Reached skill level 5 in Shields
  2609 | D:4      | Reached XP level 7. HP: 48/61 MP: 6/6
  2703 | D:4      | Found a stormy altar of Qazlal.
  2941 | D:4      | Found a staircase to the Ecumenical Temple.
  3141 | Temple   | Entered the Ecumenical Temple
  3147 | Temple   | Became a worshipper of Warmaster Okawaru
  3183 | D:5      | Entered Level 5 of the Dungeon
  3226 | D:6      | Reached skill level 6 in Long Blades
  3235 | D:6      | HP: 2/61 [sleepcap (4)]
  3235 | D:6      | Slain by a gnoll

Illustrated notes

Levels and vault maps discovered:
D:1:      minmay_arrival_up_and_down, layout_basic
D:2:      layout_loops_ring, shapermc_ecumenical_altar_mp_highgroup
D:3:      layout_loops_ring, gammafunk_ghost_abyssal_escape
D:4:      layout_cave_pools, nemelex_xobeh_ov_fountains_minmay,
          mainiacjoe_overflow_boulevard, temple_hall, uniq_edmund, uniq_robin
D:5:      layout_basic, mainiacjoe_overflow_surrounded_room, serial_shops,
          nicolae_shop_tiny_glass, kennysheep_big_empty_room,
          chequers_serial_rivers_micro_b, uniq_grinder
D:6:      layout_basic, makhleb_blood_cavern_becter, st_stairs_6,
          nicolae_underground_beach
Temple:   dpeg_three_leaves_temple

Skill      XL: |  1  2  3  4  5  6  7 |
---------------+----------------------+-----
Fighting       | 4 5 |  5.5
Armour         | 4 5 |  5.9
Shields        | 4 5 |  5.6
Long Blades    | 3 4 5 6 |  6.0
Dodging        | 1 2 |  2.2
Stealth        | |  0.4

Action                     |  1- 3 |  4- 6 |  7- 9 || total
---------------------------+-------+-------+-------++-------
  Melee: Long sword        |   103 |   152 |    31 ||   286
         Headbutt          |    16 |    26 |    10 ||    52
    Use: Potion            |       |     3 |     3 ||     6
         Scroll            |       |     1 |       ||     1
 Armour: Scale mail        |    55 |       |       ||    55
         Chain mail        |    21 |   201 |    54 ||   276
  Dodge: Dodged            |    60 |   112 |    20 ||   192
  Block: Buckler           |    36 |    67 |    13 ||   116
